MID
GREENVILLE DRIVE @ DELMARVA SHOREBIRDS
06/18/2048
 
TOP OF THE 1ST
Greenville Drive batting - Pitching for Delmarva Shorebirds : RHP Ryan Kotter
Pitching: RHP Ryan Kotter
Batting: RHB Jim Hubbard 0-0: Ball
1-0: Called Strike
1-1: SINGLE (Groundball, 56, EV 104.4 MPH) (infield hit)
Batting: SHB Robert Soto 0-0: Reached on error, E1 (Groundball, 13S, EV 63.8 MPH)
Jim Hubbard to second
Batting: LHB Carlos Guerra 0-0: Fly out, F4 (Line Drive, 4, EV 65.0 MPH)
Batting: LHB Danny Montoya 0-0: Fielders Choice at 2nd, 3-6 (Groundball, 3, EV 105.0 MPH)
Jim Hubbard to third
Batting: RHB Alex Cardenas 0-0: Ball
1-0: Foul Ball, location: 2F
1-1: Foul Ball, location: 2F
1-2: Strikes out swinging
Top of the 1st over - 0 runs, 1 hit, 1 error, 2 left on base; Greenville 0 - Delmarva 0
BOTTOM OF THE 1ST
Delmarva Shorebirds batting - Pitching for Greenville Drive : RHP Dan Jenkins
Pitching: RHP Dan Jenkins
Batting: RHB Josh Hopp 0-0: Called Strike
0-1: Ball
1-1: Foul Ball, location: 2F
1-2: Ball
2-2: Strikes out looking
Batting: RHB Francisco Viera 0-0: Ball
1-0: Called Strike
1-1: Ball
2-1: Foul Ball, location: 2F
2-2: Ball
3-2: Foul Ball, location: 2F
3-2: Ground out 1-3 (Groundball, 15S, EV 70.0 MPH)
Batting: RHB Luke Vaccarino 0-0: Ball
1-0: Ball
2-0: SINGLE (Groundball, 34D, EV 104.4 MPH)
Batting: RHB Steve Jones 0-0: Called Strike
0-1: Swinging Strike
0-2: Strikes out looking
Bottom of the 1st over - 0 runs, 1 hit, 0 errors, 1 left on base; Greenville 0 - Delmarva 0
TOP OF THE 2ND
Greenville Drive batting - Pitching for Delmarva Shorebirds : RHP Ryan Kotter
Batting: LHB John Buff 0-0: Fly out, F8 (Flyball, 8RD, EV 90.0 MPH)
Batting: RHB Tony Nunez 0-0: Called Strike
0-1: Ball
1-1: Ball
2-1: Called Strike
2-2: Strikes out looking
Batting: RHB Ted Emmerich 0-0: Called Strike
0-1: Ball
1-1: Hit by Pitch
Batting: RHB Roger Mitchell 0-0: Ball
Ted Emmerich steals 2nd, throwing error, E2
Ted Emmerich to third
1-0: Swinging Strike
1-1: Called Strike
1-2: Strikes out swinging
Top of the 2nd over - 0 runs, 0 hits, 1 error, 1 left on base; Greenville 0 - Delmarva 0
BOTTOM OF THE 2ND
Delmarva Shorebirds batting - Pitching for Greenville Drive : RHP Dan Jenkins
Batting: LHB Eric Jackson 0-0: Called Strike
0-1: Foul Ball, location: 2F
0-2: Ball
1-2: Ball
2-2: SINGLE (Groundball, 6MD, EV 99.4 MPH)
Batting: RHB Daniel Jackson 0-0: Ball
Eric Jackson is caught stealing 2nd base 2-4
1-0: Ball
2-0: Ball
3-0: DOUBLE (Flyball, 78XD, EV 100.6 MPH)
Batting: RHB Ethan Finke 0-0: Called Strike
Daniel Jackson steals 3rd base
0-1: Ball
1-1: Foul Ball, location: 2F
1-2: Fly out, F9 (Flyball, 89M, EV 91.9 MPH)
Runner from 3rd tags up, SCORES, throw by RF
Batting: LHB Keith Long 0-0: Called Strike
0-1: Ball
1-1: Swinging Strike
1-2: Fly out, F9 (Flyball, 9, EV 85.6 MPH)
Bottom of the 2nd over - 1 run, 2 hits, 0 errors, 0 left on base; Greenville 0 - Delmarva 1
TOP OF THE 3RD
Greenville Drive batting - Pitching for Delmarva Shorebirds : RHP Ryan Kotter
Batting: RHB Jim Hubbard 0-0: Called Strike
0-1: Foul Ball, location: 2F
0-2: Ball
1-2: Ball
2-2: Strikes out swinging
Batting: SHB Robert Soto 0-0: Called Strike
0-1: Ball
1-1: SINGLE (Line Drive, 56D, EV 99.4 MPH)
Batting: LHB Carlos Guerra 0-0: Ball
1-0: Ball
2-0: Called Strike
2-1: Called Strike
2-2: Ball
3-2: Fly out, F9 (Flyball, 9, EV 85.6 MPH)
Batting: LHB Danny Montoya 0-0: Ball
1-0: Ball
2-0: SINGLE (Groundball, 34D, EV 96.9 MPH)
Robert Soto to second
Runner from 2nd tries for 3rd, SAFE, throw by RF made to third
Batting: RHB Alex Cardenas 0-0: Fly out, F8 (Flyball, 8LD, EV 95.0 MPH)
Top of the 3rd over - 0 runs, 2 hits, 0 errors, 2 left on base; Greenville 0 - Delmarva 1
BOTTOM OF THE 3RD
Delmarva Shorebirds batting - Pitching for Greenville Drive : RHP Dan Jenkins
Batting: RHB Mike Pitts 0-0: Foul Ball, location: 2F
0-1: Ball
1-1: Ball
2-1: Called Strike
2-2: Ball
3-2: Strikes out swinging
Batting: RHB Josh Hopp 0-0: Called Strike
0-1: Ball
1-1: Called Strike
1-2: Fly out, F3 (Popup, 23F, EV 78.1 MPH)
Batting: RHB Francisco Viera 0-0: Ball
1-0: Foul Ball, location: 2F
1-1: Ball
2-1: Ball
3-1: Foul Ball, location: 2F
3-2: Fly out, F5 (Line Drive, 5, EV 71.9 MPH)
Bottom of the 3rd over - 0 runs, 0 hits, 0 errors, 0 left on base; Greenville 0 - Delmarva 1
TOP OF THE 4TH
Greenville Drive batting - Pitching for Delmarva Shorebirds : RHP Ryan Kotter
Batting: LHB John Buff 0-0: Called Strike
0-1: Called Strike
0-2: Strikes out swinging
Batting: RHB Tony Nunez 0-0: Ball
1-0: SINGLE (Line Drive, 9LS, EV 100.6 MPH)
Batting: RHB Ted Emmerich 0-0: Ball
Tony Nunez steals 2nd base
1-0: Swinging Strike
1-1: Ball
2-1: Ground out 4-3 (Groundball, 4, EV 83.8 MPH)
Tony Nunez to third
Batting: RHB Roger Mitchell 0-0: Called Strike
0-1: Ball
1-1: Called Strike
1-2: Foul Ball, location: 2F
1-2: Ball
2-2: Ball
3-2: SINGLE (Line Drive, 78S, EV 112.5 MPH)
Tony Nunez scores
Batting: RHB Jim Hubbard 0-0: Ball
1-0: Called Strike
1-1: Ball
2-1: Ball
3-1: Fly out, F8 (Flyball, 8LM, EV 87.5 MPH)
Top of the 4th over - 1 run, 2 hits, 0 errors, 1 left on base; Greenville 1 - Delmarva 1
BOTTOM OF THE 4TH
Delmarva Shorebirds batting - Pitching for Greenville Drive : RHP Dan Jenkins
Batting: RHB Luke Vaccarino 0-0: SINGLE (Groundball, 6MD, EV 96.9 MPH) (infield hit)
Batting: RHB Steve Jones 0-0: Swinging Strike
0-1: SINGLE (Groundball, 34, EV 97.5 MPH) (infield hit)
Luke Vaccarino to second
Batting: LHB Eric Jackson 0-0: Ball
1-0: Ball
2-0: Ball
3-0: Fielders Choice at 2nd, 6-4 (Groundball, 6, EV 89.4 MPH)
Luke Vaccarino to third
Batting: RHB Daniel Jackson 0-0: Called Strike
Eric Jackson steals 2nd base
0-1: Foul Ball, location: 2F
0-2: Ground out 6-3 (Groundball, 6, EV 86.2 MPH)
Luke Vaccarino scores
Eric Jackson to third
Batting: RHB Ethan Finke 0-0: Ball
1-0: Ball
2-0: Ball
3-0: Called Strike
3-1: Swinging Strike
3-2: Ground out 3-1 (Groundball, 34S, EV 80.6 MPH)
Bottom of the 4th over - 1 run, 2 hits, 0 errors, 1 left on base; Greenville 1 - Delmarva 2
TOP OF THE 5TH
Greenville Drive batting - Pitching for Delmarva Shorebirds : RHP Ryan Kotter
Batting: SHB Robert Soto 0-0: Ball
1-0: Foul Ball, location: 2F
1-1: Ball
2-1: Ball
3-1: Ground out 3-1 (Groundball, 34S, EV 86.2 MPH)
Batting: LHB Carlos Guerra 0-0: Ball
1-0: Ground out 6-3 (Groundball, 4M, EV 75.6 MPH)
Batting: LHB Danny Montoya 0-0: Ball
1-0: Swinging Strike
1-1: Fly out, F8 (Flyball, 8LD, EV 100.0 MPH)
Top of the 5th over - 0 runs, 0 hits, 0 errors, 0 left on base; Greenville 1 - Delmarva 2
BOTTOM OF THE 5TH
Delmarva Shorebirds batting - Pitching for Greenville Drive : RHP Dan Jenkins
Batting: LHB Keith Long 0-0: Called Strike
0-1: Ball
1-1: Swinging Strike
1-2: Ball
2-2: Foul Ball, location: 2F
2-2: Ball
3-2: Strikes out swinging
Batting: RHB Mike Pitts 0-0: Ball
1-0: Swinging Strike
1-1: Ball
2-1: Ball
3-1: Swinging Strike
3-2: Foul Ball, location: 2F
3-2: Strikes out swinging
Batting: RHB Josh Hopp 0-0: Ground out 1-3 (Groundball, P, EV 66.9 MPH)
Bottom of the 5th over - 0 runs, 0 hits, 0 errors, 0 left on base; Greenville 1 - Delmarva 2
TOP OF THE 6TH
Greenville Drive batting - Pitching for Delmarva Shorebirds : RHP Ryan Kotter
Batting: RHB Alex Cardenas 0-0: Ball
1-0: Ball
2-0: Foul Ball, location: 2F
2-1: Ground out 4-3 (Groundball, 4, EV 83.1 MPH)
Batting: LHB John Buff 0-0: Ball
1-0: Swinging Strike
1-1: Ball
2-1: Called Strike
2-2: Foul Ball, location: 2F
2-2: DOUBLE (Groundball, 5D, EV 106.2 MPH)
Batting: RHB Tony Nunez 0-0: Ball
John Buff is caught stealing 3rd base 2-5
1-0: Foul Ball, location: 2F
1-1: Ball
2-1: Swinging Strike
2-2: Strikes out swinging
Top of the 6th over - 0 runs, 1 hit, 0 errors, 0 left on base; Greenville 1 - Delmarva 2
BOTTOM OF THE 6TH
Delmarva Shorebirds batting - Pitching for Greenville Drive : RHP Dan Jenkins
Batting: RHB Francisco Viera 0-0: SINGLE (Flyball, 89S, EV 93.8 MPH)
Batting: RHB Luke Vaccarino 0-0: Swinging Strike
0-1: Ball
1-1: Foul Ball, location: 2F
1-2: Strikes out swinging
Batting: RHB Steve Jones 0-0: Ball
Francisco Viera steals 2nd base
1-0: Ball
2-0: DOUBLE (Line Drive, 3D, EV 95.6 MPH)
Francisco Viera scores
Pitching: LHP Rob Hymowitz
Batting: LHB Eric Jackson 0-0: Called Strike
0-1: Ball
1-1: Called Strike
1-2: Strikes out swinging
Batting: RHB Daniel Jackson 0-0: Called Strike
0-1: SINGLE (Line Drive, 6M, EV 98.8 MPH)
Steve Jones to third
Runner from 3rd tries for Home, SAFE, throw by CF to home
Daniel Jackson to second
Batting: RHB Ethan Finke 0-0: Ball
1-0: Called Strike
1-1: Foul Ball, location: 2F
1-2: Ball
2-2: Ball
3-2: Base on Balls
Batting: LHB Keith Long 0-0: Ball
1-0: Called Strike
1-1: Ball
2-1: Fly out, F8 (Flyball, 78D, EV 88.8 MPH)
Bottom of the 6th over - 2 runs, 3 hits, 0 errors, 2 left on base; Greenville 1 - Delmarva 4
TOP OF THE 7TH
Greenville Drive batting - Pitching for Delmarva Shorebirds : RHP Ryan Kotter
Pitching: RHP Craig Potter
Now at 1B: Matt O'Dea
Now in RF: Tony Godley
Batting: RHB Ted Emmerich 0-0: Called Strike
0-1: Foul Ball, location: 2F
0-2: Fly out, F9 (Flyball, 89M, EV 88.1 MPH)
Pinch Hitting: LHB Eddie Contreras 0-0: Ball
1-0: Called Strike
1-1: Ball
2-1: Foul Ball, location: 2F
2-2: Fly out, F9 (Flyball, 9D, EV 97.5 MPH)
Batting: RHB Jim Hubbard 0-0: Called Strike
0-1: SINGLE (Groundball, 25, EV 62.5 MPH) (infield hit)
Batting: SHB Robert Soto 0-0: Ball
1-0: Foul Ball, location: 2F
1-1: Ground out 4-3 (Groundball, 4, EV 102.5 MPH)
Top of the 7th over - 0 runs, 1 hit, 0 errors, 1 left on base; Greenville 1 - Delmarva 4
BOTTOM OF THE 7TH
Delmarva Shorebirds batting - Pitching for Greenville Drive : LHP Rob Hymowitz
Now at 1B: Eddie Contreras
Now at 2B: Tony Nunez
Batting: RHB Mike Pitts 0-0: Ball
1-0: Fly out, F7 (Flyball, 7, EV 83.1 MPH)
Batting: RHB Josh Hopp 0-0: Swinging Strike
0-1: Ball
1-1: Fly out, F8 (Flyball, 78M, EV 85.0 MPH)
Batting: RHB Francisco Viera 0-0: Ball
1-0: Ball
2-0: Called Strike
2-1: Foul Ball, location: 2F
2-2: Foul Ball, location: 2F
2-2: Ball
3-2: Foul Ball, location: 2F
3-2: SINGLE (Groundball, 4MS, EV 64.4 MPH) (infield hit)
Batting: RHB Luke Vaccarino 0-0: Ball
1-0: Fly out, F3 (Popup, 4S, EV 66.9 MPH)
Bottom of the 7th over - 0 runs, 1 hit, 0 errors, 1 left on base; Greenville 1 - Delmarva 4
TOP OF THE 8TH
Greenville Drive batting - Pitching for Delmarva Shorebirds : RHP Craig Potter
Pitching: RHP Harley Hyde
Batting: LHB Carlos Guerra 0-0: Ball
1-0: Called Strike
1-1: Swinging Strike
1-2: Strikes out swinging
Batting: LHB Danny Montoya 0-0: Called Strike
0-1: Ball
1-1: Ground out 5-3 (Groundball, 56, EV 80.6 MPH)
Batting: RHB Alex Cardenas 0-0: Ball
1-0: Ball
2-0: Ground out 6-3 (Groundball, 6, EV 106.2 MPH)
Top of the 8th over - 0 runs, 0 hits, 0 errors, 0 left on base; Greenville 1 - Delmarva 4
BOTTOM OF THE 8TH
Delmarva Shorebirds batting - Pitching for Greenville Drive : LHP Rob Hymowitz
Pitching: RHP Jon Olivo
Batting: RHB Steve Jones 0-0: Foul Ball, location: 2F
0-1: Swinging Strike
0-2: Ball
1-2: Foul Ball, location: 2F
1-2: Foul Ball, location: 2F
1-2: Ball
2-2: Ball
3-2: Foul Ball, location: 2F
3-2: Strikes out swinging
Batting: LHB Eric Jackson 0-0: Called Strike
0-1: Ball
1-1: Ball
2-1: Ball
3-1: Base on Balls
Batting: RHB Matt O'Dea 0-0: Foul Ball, location: 2F
0-1: Ball
1-1: Foul Ball, location: 2F
1-2: Hit by Pitch
Eric Jackson to second
Batting: RHB Ethan Finke 0-0: Ball
Matt O'Dea steals 2nd base
Eric Jackson steals 3rd base
1-0: Ground out 5-3 (Groundball, 56S, EV 86.2 MPH)
Eric Jackson scores
Batting: RHB Tony Godley 0-0: TRIPLE (Flyball, 89XD, EV 111.9 MPH)
Matt O'Dea scores
Batting: RHB Mike Pitts 0-0: Called Strike
0-1: Ball
1-1: Swinging Strike
1-2: Ground out 4-3 (Groundball, 4M, EV 102.5 MPH)
Bottom of the 8th over - 2 runs, 1 hit, 0 errors, 1 left on base; Greenville 1 - Delmarva 6
TOP OF THE 9TH
Greenville Drive batting - Pitching for Delmarva Shorebirds : RHP Harley Hyde
Batting: LHB John Buff 0-0: Ball
1-0: Swinging Strike
1-1: Ball
2-1: Called Strike
2-2: Strikes out swinging
Batting: RHB Tony Nunez 0-0: Ball
1-0: Called Strike
1-1: Ball
2-1: Ball
3-1: Ground out 4-3 (Groundball, 4M, EV 89.4 MPH)
Batting: RHB Ted Emmerich 0-0: Called Strike
0-1: Ball
1-1: Foul Ball, location: 2F
1-2: Strikes out swinging
Top of the 9th over - 0 runs, 0 hits, 0 errors, 0 left on base; Greenville 1 - Delmarva 6
Tuesday, March 28th , 2023 - OOTP Baseball 23.10 Build 110